 BcadrenCrawl: Boulder Brew version 0.05.21-38-g7e70886279 (webtiles) character file.

Game seed: 14857125588026195763, levelgen mode: deterministic

4 roguesci the Skirmisher (level 1, 0/13 HPs) Lignifite Noble. Began on July 16, 2021. Slain by a ball python (1 damage) ... on level 1 of the Dungeon. The game lasted 00:09:19 (254 turns).

roguesci the Skirmisher (Lignifite Noble)            Turns: 254, Time: 00:09:20

Health: 0/13       AC:  6    Str: 21    XL:     1 ^: 6
Magic:  3/3        EV:  7    Int: 11    God:
Gold:   71         SH:  1    Dex:  5    Spells: 2/2 levels left

rFire    . . .     Vision   .   (weapon restricted)
rCold    + . .     Gourm    .   (weapon restricted)
rNeg     . . .     Faith    .   c - +0 gold dragon scales
rCorr    . . .     Spirit   .   (helmet restricted)
rPois    +         Reflect  .   (no cloak)
rElec    .         Harm     .   (gloves unavailable)
MR       .....                  (boots unavailable)
Stlth    ..........             (no amulet)
HPRegen  0.14/turn              (no ring)
MPRegen  0.13/turn              (no ring)

@: constricted, very quick
A: very small, unfitting armour, branches (SH +, deformed body 1, speed 3,
poison resistance, slow metabolism 1, torment resistance, plant, woody flesh
(rF-) 1, rot immunity
a: no special abilities


You were on level 1 of the Dungeon.
You were not hungry.

You visited 1 branch of the dungeon, and saw 1 of its levels.
You also visited: Market.

You collected 31 gold pieces.
You spent 960 gold pieces at shops.

Inventory:

Weapons
 a - a +0 dire flail
Armour
 c - +0 gold dragon scales (worn)
Comestibles
 b - a ration


   Skills:
 * Level 1.4 Fighting
 + Level 0.2 Armour
 - Level 0.8 Stealth
 - Level 1.1 Spellcasting


You had 2 spell levels left.
You didn't know any spells.
Your spell library was empty.

Dungeon Overview and Level Annotations

Branches:
Dungeon (1/8)

Altars:


Innate Abilities, Weirdness & Mutations

You are very small and have problems with some larger weapons.
You are too small for most types of armour.
A tangle of shorter branches protects your body from attack. (SH +1)
Armour fits poorly on your strangely shaped body.
You cover ground extremely quickly.
Your system is resistant to poisons. (rPois)
You have a slow metabolism.
You are immune to unholy pain and torment.
You require very little carbon dioxide to survive.
Your woody flesh burns easily. (rF-)
You are immune to rotting.


Message History

The goblin hits you but does no damage.
You are too injured to fight recklessly!
You are too injured to fight recklessly!
You are too injured to fight recklessly!
You are too injured to fight recklessly!
You are too injured to fight recklessly!
You are too injured to fight recklessly!
You are too injured to fight recklessly!
You are too injured to fight recklessly!
You are too injured to fight recklessly!
You are too injured to fight recklessly!
You closely miss the goblin. You barely miss the goblin.
The bat hits you but does no damage. x2
The ball python bites you but does no damage.
The ball python constricts you (0).
You closely miss the goblin. x2; The bat barely misses you (0).
The goblin hits you (3).
* * * LOW HITPOINT WARNING * * *
The goblin hits you but does no damage. The ball python barely misses you (0).
You die...

#.###.##..........
####.......##.....
#..>##...##.###.
... ###..#.## .#.
#).....#≈> #..
##......≈≈
#..###......###
##...bg.........
#...g@b.....#...
..J....S....)##.##
..........#......
...$s.....##....
..........# #.#..
........... .#..
..........#. #
......#...##.


You could see an ooze, a giant cockroach, 2 goblins, 2 bats and a ball python.

Vanquished Creatures
  A dart slug (D:1)
  A hobgoblin (D:1)
2 creatures vanquished.

Notes
Turn   | Place    | Note
-------+----------+-------------------------------------------
     0 | Start Ma | roguesci the Lignifite Noble began the quest for the Orb.
     0 | Start Ma | Reached XP level 1. HP: 13/13 MP: 3/3
     0 | Start Ma | Found Huruta's Mashing MeleeMart.
     8 | Start Ma | Found Fuudu Zoop's Auxillary Armour.
    18 | Start Ma | Found Amuaskuq's Expert Tomes.
    41 | Start Ma | Bought +0 gold dragon scales for 800 gold pieces
    67 | Start Ma | Bought a +0 dire flail for 160 gold pieces
    76 | D:1      | roguesci set off with the following items: a +0 dire flail,
                  | a ration, +0 gold dragon scales
   254 | D:1      | Slain by a ball python

Levels and vault maps discovered:
D:1:      shiori_shiawase, layout_cave_pools

Action                   || total
-------------------------++-------
Melee: Unarmed           ||   138
Armor: Gold dragon scale ||    25
Dodge: Dodged            ||    30
Block: Other             ||     1
